 Dungeon Crawl Stone Soup version 0.22.1-1-ga44c0e5 (webtiles) character file.

4355 suicidejoker the Skirmisher (level 10, -5/82 HPs)
             Began as a Demonspawn Fighter on Oct 3, 2018.
             Was an Initiate of Gozag.
             Slain by an orc warrior
             ... wielding a +0 battleaxe
              (23 damage)
             ... on level 8 of the Dungeon.
             The game lasted 00:17:53 (9070 turns).

suicidejoker the Skirmisher (Demonspawn Fighter)    Turns: 9070, Time: 00:17:54

Health: -5/82      AC:  9    Str: 20      XL:     10   Next: 12%
Magic:  10/10      EV: 11    Int: 17      God:    Gozag
Gold:   441        SH:  0    Dex: 11 (12) Spells: 9/9 levels left

rFire    . . .     SeeInvis .   u - +3 flail
rCold    . . .     Gourm    .   c - +0 shield
rNeg     + . .     Faith    .   b - +0 scale mail
rPois    .         Spirit   .   (helmet restricted)
rElec    .         Reflect  .   (no cloak)
rCorr    .         Harm     .   (no gloves)
MR       .....                  (no boots)
Stlth    ..........             (no amulet)
HPRegen  0.23/turn              B - +5 ring of intelligence
MPRegen  0.12/turn              d - ring of positive energy

@: confused
A: antennae 1, hooves 2, rugged brown scales 2, clever 1, spiny 1
a: Potion Petition, Call Merchant, Bribe Branch, Renounce Religion


You were on level 8 of the Dungeon.
You worshipped Gozag.
Gozag was aware of your devotion.
You were not hungry.

You visited 2 branches of the dungeon, and saw 9 of its levels.

You collected 872 gold pieces.
You paid 431 gold pieces to Gozag.

Inventory:

Hand Weapons
 a - a +0 great sword
 n - a +2 dagger of draining
 u - a +3 flail (weapon)
 y - a +4 spear
 D - a +4 spear
 E - a +2 flail
 G - a +2 flail of crushing
Missiles
 m - 7 tomahawks (quivered)
Armour
 b - a +0 scale mail (worn)
 c - a +0 shield (worn)
Jewellery
 d - a ring of positive energy (right hand)
 s - an uncursed ring of flight
 B - a +5 ring of intelligence (left hand)
Scrolls
 i - 3 scrolls of identify
 l - 2 scrolls of immolation {unknown}
 p - 2 scrolls of noise {unknown}
 q - a scroll of enchant weapon {unknown}
 t - a scroll of fear {unknown}
 w - a scroll of random uselessness {unknown}
 z - a scroll of torment {unknown}
 F - 2 scrolls of teleportation {unknown}
Potions
 e - a potion of haste
 g - a potion of invisibility
 j - 2 potions of flight
 r - a potion of brilliance
 A - a potion of agility
 C - 2 potions of resistance
Comestibles
 f - 13 rations


   Skills:
 + Level 7.2 Fighting
 + Level 6.2 Maces & Flails
 + Level 6.6 Armour
 + Level 5.9 Dodging
 + Level 6.6 Shields


You had 9 spell levels left.
You didn't know any spells.
Your spell library contained the following spells:

 Spells                   Type           Power        Failure   Level  Hunger
 Freeze                   Ice            #...         88%         1    ##.....
 Throw Frost              Conj/Ice       #.....       95%         2    ###....
 Ozocubu's Armour         Chrm/Ice       #.......     99%         3    ####...
 Summon Ice Beast         Ice/Summ       #.......     100%        4    #####..
 Throw Icicle             Conj/Ice       #.......     100%        4    #####..


Dungeon Overview and Level Annotations

Branches:
Dungeon (8/15)             Temple (1/1) D:7
   Lair: D:8-11

Altars:
Cheibriados
Dithmenos
Elyvilon
Fedhas
Gozag
Hepliaklqana
Kikubaaqudgha
Makhleb
Okawaru
Qazlal
Ru
Trog
Uskayaw
Vehumet
Yredelemnul
Zin
The Shining One


Innate Abilities, Weirdness & Mutations

You have hoof-like feet.
You are mostly covered in rugged brown scales. (AC +2, +5% HP)
You are partially covered in sharp spines.
You have a pair of small antennae on your head.
Your mind is acute. (Int +2)


Message History

You block the orc warrior's attack.
Okay, then. [a] - 338 gold - resistance and flight [b] - 286 gold - curing and magic [c] - 600 gold - resistance, might and haste Purchase which effect?
You feel better. Magic courses through your body.
The orc warrior hits you from afar with a trident!
* * * LOW HITPOINT WARNING * * *
The orc warrior hits you with a battleaxe!
* * * LOW HITPOINT WARNING * * *
Okay, then.
Okay, then.
Okay, then.
You feel better. The orc warrior misses you.
You are confused.
You feel invigorated.
The orc warrior hits you with a battleaxe!!
You die...
Your body crumbles into a pile of gold.

# #....#......###......#.# #
#....+......# #####.##.# #
#####+#.#......#######.##.# #
#......................##.#
####......#.##...###########.#
..........+..................#
..........##.###.#############
....####................ ....#
#########@####### ....# #$oo.##o#
....######.oo.{oo#
##.......#oooo#oo#
##.....###.oo{#..#
.........######..#
.................#
....##...........#
....##...........################


You could see 4 orc warriors and an orc.

Vanquished Creatures
  A wyvern (D:8)
  4 hogs (D:7)
  A human (D:7)
  A hungry ghost (D:7)
  An orc warrior (D:8)
  3 sky beasts (D:5)
  An eye of draining (D:7)
  An ice beast (D:8)
  A black bear (D:8)
  2 phantoms
  2 centaurs
  5 ogres
  3 bullfrogs
  A gnoll sergeant (D:7)
  4 scorpions
  3 killer bees (D:8)
  3 wights (D:6)
  A hound (D:8)
  A quasit (D:8)
  A crimson imp (D:6)
  4 orc priests
  2 jellies (D:5)
  2 bullfrog skeletons
  3 iguanas
  7 orc wizards
  Natasha (thrice) (D:4)
  8 worker ants
  A hound zombie (D:7)
  A hound skeleton (D:3)
  11 adders
  20 gnolls
  2 oozes
  3 adder skeletons
  2 worms
  3 dart slugs
  4 leopard geckos
  14 orcs
  3 bats
  5 giant cockroaches
  6 hobgoblins
  7 jackals
  9 quokkas
  A ball python (D:1)
  4 frilled lizards
  2 goblins
  A jackal skeleton (D:8)
  6 kobolds
  5 rats
179 creatures vanquished.

Notes
Turn   | Place    | Note
-------+----------+-------------------------------------------
     0 | D:1      | suicidejoker the Demonspawn Fighter began the quest for the
                  | Orb.
     0 | D:1      | Reached XP level 1. HP: 18/18 MP: 1/1
   391 | D:1      | Gained mutation: You are partially covered in rugged brown
                  | scales. (AC +1, +3% HP) [demonic ancestry]
   391 | D:1      | Reached XP level 2. HP: 16/24 MP: 2/2
   908 | D:2      | Reached XP level 3. HP: 26/29 MP: 3/3
  1020 | D:2      | Reached skill level 1 in Dodging
  1928 | D:3      | Gained mutation: You have large cloven feet. [demonic
                  | ancestry]
  1928 | D:3      | Reached XP level 4. HP: 35/36 MP: 4/4
  1935 | D:3      | Found an iron altar of Okawaru.
  1978 | D:3      | Found a sacrificial altar of Ru.
  2331 | D:4      | Reached XP level 5. HP: 35/43 MP: 5/5
  2682 | D:4      | Reached skill level 4 in Fighting
  2682 | D:4      | Reached XP level 6. HP: 5/49 MP: 6/6
  3483 | D:4      | Found a white marble altar of Elyvilon.
  3605 | D:4      | Found a snail-covered altar of Cheibriados.
  3765 | D:4      | Reached XP level 7. HP: 48/56 MP: 7/7
  3971 | D:4      | Noticed Natasha
  3974 | D:4      | Killed Natasha
  4022 | D:4      | Noticed Natasha
  4036 | D:4      | Killed Natasha
  4089 | D:4      | Noticed Natasha
  4095 | D:4      | Killed Natasha
  4385 | D:5      | Entered Level 5 of the Dungeon
  4765 | D:5      | Reached skill level 5 in Fighting
  4960 | D:5      | Gained mutation: You have hoof-like feet. [demonic
                  | ancestry]
  4960 | D:5      | Reached XP level 8. HP: 31/63 MP: 8/8
  5817 | D:6      | Reached skill level 5 in Armour
  5817 | D:6      | Reached skill level 5 in Shields
  6038 | D:6      | Found a shadowy altar of Dithmenos.
  6056 | D:6      | Found a stormy altar of Qazlal.
  6111 | D:6      | Found a hide-covered altar of Uskayaw.
  6112 | D:6      | Found a radiant altar of Vehumet.
  6518 | D:7      | Reached skill level 6 in Fighting
  6518 | D:7      | Reached skill level 5 in Maces & Flails
  6545 | D:7      | Found a staircase to the Ecumenical Temple.
  6551 | Temple   | Entered the Ecumenical Temple
  6558 | Temple   | Became a worshipper of Gozag Ym Sagoz the Greedy
  6736 | D:7      | Gained mutation: You are mostly covered in rugged brown
                  | scales. (AC +2, +5% HP) [demonic ancestry]
  6736 | D:7      | Reached XP level 9. HP: 65/72 MP: 9/9
  6924 | D:7      | Found a glowing golden altar of the Shining One.
  7114 | D:7      | Reached skill level 5 in Dodging
  7570 | D:7      | Found a bloodstained altar of Trog.
  7850 | D:8      | Gained mutation: Your mind is acute. (Int +2) [potion of
                  | mutation]
  7850 | D:8      | Gained mutation: You have a pair of small antennae on your
                  | head. [potion of mutation]
  8102 | D:8      | Reached skill level 7 in Fighting
  8274 | D:8      | Gained mutation: You are partially covered in sharp spines.
                  | [demonic ancestry]
  8274 | D:8      | Reached XP level 10. HP: 71/82 MP: 10/10
  9070 | D:8      | Slain by an orc warrior

Skill      XL: |  1  2  3  4  5  6  7  8  9 |
---------------+----------------------------+-----
Maces & Flails | 2 3 4 5 6 |  6.2
Armour         | 3 4 5 6 |  6.6
Shields        | 3 4 5 6 |  6.6
Dodging        | 1 2 3 4 5 |  5.9
Fighting       | 4 5 6 7 |  7.2

Action                   |  1- 3 |  4- 6 |  7- 9 | 10-12 || total
-------------------------+-------+-------+-------+-------++-------
Melee: Flail             |   114 |   164 |   362 |    50 ||   690
       Kick              |       |    45 |   100 |    18 ||   163
Throw: Tomahawk          |       |       |     3 |       ||     3
Invok: Potion Petition   |       |       |     1 |     1 ||     2
  Use: Potion            |       |     4 |     8 |     3 ||    15
       Scroll            |       |       |     8 |       ||     8
 Stab: Invisible         |       |     1 |       |       ||     1
       Distracted        |       |       |     2 |       ||     2
  Eat: Chunk             |     2 |     6 |    10 |       ||    18
       Ration            |       |       |     3 |     1 ||     4
Armor: Scale mail        |    54 |    88 |   109 |    19 ||   270
Dodge: Dodged            |    33 |    68 |   135 |    20 ||   256
Block: Shield            |    51 |   103 |   186 |    31 ||   371
